 Dungeon Crawl Stone Soup version 0.19-a0-1498-g0b85ae9 (webtiles) character file.

26 PurpleRed the Conjurer (level 2, -4/15 HPs)
             Began as a Deep Elf Conjurer on Sept 10, 2016.
             Slain by a gnoll
             ... wielding a cursed -2 spear
              (9 damage)
             ... on level 1 of the Dungeon.
             The game lasted 00:03:11 (443 turns).

PurpleRed the Conjurer (Deep Elf Conjurer)           Turns: 443, Time: 00:03:12

Health: -4/15      AC:  2    Str:  5    XL:     2   Next: 89%
Magic:  2/8        EV: 13    Int: 19    God:
Gold:   47         SH:  0    Dex: 15    Spells: 2 memorised, 5 levels left

rFire  . . .     SeeInvis .     k - +0 short sword (venom)
rCold  . . .     Gourm    .     a - +0 robe
rNeg   . . .     Faith    .     (no shield)
rPois  .         Spirit   .     (no helmet)
rElec  .         Dismiss  .     (no cloak)
rCorr  .         Reflect  .     (no gloves)
MR     .....     Harm     .     (no boots)
Stlth  ++........               (no amulet)
                                (no ring)
                                (no ring)

@: no status effects
A: no striking features
a: no special abilities


You were on level 1 of the Dungeon.
You were not hungry.

You visited 1 branch of the dungeon, and saw 2 of its levels.

You collected 47 gold pieces.

Inventory:

Hand Weapons
 h - a +0 club
 i - a +0 dagger
 k - a +0 short sword of venom (weapon)
Missiles
 j - 17 stones (quivered)
Armour
 a - a +0 robe (worn)
Jewellery
 f - a +4 ring of evasion {unknown}
Scrolls
 e - 3 scrolls of identify {unknown}
 g - a scroll of magic mapping {unknown}
 l - a scroll of remove curse {unknown}
Potions
 d - a potion of cancellation {unknown}
Books
 b - a book of Conjurations

   Spells                             Type                      Level
   a - Magic Dart                     Conjuration                  1
   b - Searing Ray                    Conjuration                  2
   c - Dazzling Spray                 Conjuration/Hexes            3
   d - Fulminant Prism                Conjuration/Hexes            4
   e - Iskenderun's Mystic Blast      Conjuration                  4
   f - Iskenderun's Battlesphere      Conjuration/Charms           5
Comestibles
 c - a bread ration


   Skills:
 - Level 2.4 Dodging
 - Level 2.4 Stealth
 + Level 3.8 Spellcasting
 * Level 5.0 Conjurations


You had 5 spell levels left.
You knew the following spells:

 Your Spells              Type           Power        Failure   Level  Hunger
a - Magic Dart            Conj           ###.         1%          1    None
b - Searing Ray           Conj           ###...       2%          2    ##.....


Dungeon Overview and Level Annotations

Branches:
Dungeon (2/15)

Altars:
Yredelemnul


Message History

Confirm with . or Enter, or press ? or * to list all spells.
Aiming: Magic Dart
Press: ? - help, Shift-Dir - straight line, f/p - gnoll
Aim: a gnoll, wielding a spear The magic dart hits the gnoll.
Casting: Magic Dart
Confirm with . or Enter, or press ? or * to list all spells.
Aiming: Searing Ray
Press: ? - help, Shift-Dir - straight line, f/p - gnoll
Aim: a gnoll, wielding a spear The searing ray misses the gnoll.
The searing ray hits the gnoll.
The gnoll is moderately wounded.
The gnoll hits you from afar with a spear!
Ouch! That really hurt!
The searing ray hits the gnoll.
The gnoll is heavily wounded.
The gnoll hits you from afar with a spear!
Ouch! That really hurt!
You die...

.....# .....#
.. .....#
....#.
.......
..$..#..
.....##
#.#..#.#
.....#
........
.....#
....#..g## #
.....#
.........##.#
.....#
....##...@..#
.....#
...........##
...#.#
#####..##.#
...#.# #.(#
.# ...#.#
#..# .#
...#.#####
##.##.#
###......#
#....#
#.(....#
#.####
#......# #.#


You could see a gnoll.

Vanquished Creatures
  2 dart slugs (D:1)
  A giant gecko (D:2)
  3 goblins (D:1)
  2 hobgoblins (D:1)
  3 jackals (D:1)
  A bat (D:1)
  2 gnoll zombies (D:2)
  5 kobolds
  2 rats (D:1)
21 creatures vanquished.

Notes
Turn   | Place    | Note
-------+----------+-------------------------------------------
     0 | D:1      | PurpleRed the Deep Elf Conjurer began the quest for the Orb.
     0 | D:1      | Reached XP level 1. HP: 10/10 MP: 6/6
    88 | D:1      | Reached XP level 2. HP: 12/15 MP: 0/8
    92 | D:1      | Learned a level 2 spell: Searing Ray
   350 | D:2      | Reached skill level 5 in Conjurations
   365 | D:2      | Found a basalt altar of Yredelemnul.
   443 | D:1      | Slain by a gnoll

Vault maps used:
D:1:      dpeg_arrival_solitude, minmay_close_crescents
D:2:      lemuel_zombie_altar_yredelemnul, first_bread, lexackson_kobold_supper

Skill      XL: |  1  2 |
---------------+-------+-----
Conjurations   | 5 |  5.0
Dodging        | |  2.4
Stealth        | |  2.4
Spellcasting   | |  3.8

Action                   || total
-------------------------++-------
Melee: Dagger            ||     9
       Short sword       ||     1
 Cast: Magic Dart        ||    31
       Searing Ray       ||     3
Armor: Robe              ||     6
Dodge: Dodged            ||     7
